 Dungeon Crawl Stone Soup version 0.25-a0-35-g747a2b3c0c (webtiles) character file.

Game seed: 12019065077567138437, levelgen mode: deterministic

329980 Chiseanne the Protected (level 21, -3/163 HPs)
             Began as a Demonspawn Wizard on Oct 19, 2019.
             Was an Initiate of Gozag.
             Killed by the air
             ... invoked by a titan
              (12 damage)
             ... on level 5 of the Vaults.
             The game lasted 03:33:55 (54164 turns).

Chiseanne the Protected (Demonspawn Wizard)        Turns: 54164, Time: 03:33:56

Health: -3/163     AC: 26    Str: 17    XL:     21   Next: 16%
Magic:  15/37      EV: 24    Int: 30    God:    Gozag
Gold:   2993       SH: 23    Dex: 23    Spells: 15/45 levels left

rFire    + + +     SeeInvis +   s - +3 war axe (venom)
rCold    + . .     Gourm    .   T - +5 shield {AC+3}
rNeg     + + .     Faith    .   f - +1 scale mail of Parts Unknown {rF++ rN+ Dex+4 SInv}
rPois    +         Spirit   .   G - +2 helmet of Yrizaz {Regen+ Int+4 SInv}
rElec    +         Reflect  +   o - +0 cloak of the Blessed Realm {rN+ Str+4 Int+3} (curse)
rCorr    +         Harm     .   (gloves unavailable)
MR       +....                  n - +2 pair of boots
Stlth    ++++......             C - +5 amulet of reflection
HPRegen  0.77/turn              k - +5 ring of evasion
MPRegen  0.25/turn              E - +4 ring of protection

@: resistant, gold aura, very slightly contaminated, slowed, very slow
A: claws 3, thin skeletal structure 3, fire resistance 1, foul stench 1, robust
1, spiny 3, rot immunity
}: 1/15 runes: gossamer
a: Potion Petition, Call Merchant, Bribe Branch, Renounce Religion


You were on level 5 of the Vaults.
You worshipped Gozag.
Gozag was most pleased with you.
You were not hungry.

You visited 7 branches of the dungeon, and saw 36 of its levels.
You visited the Abyss 2 times.
You also visited: Sewer and Gauntlet.

You collected 17061 gold pieces.
You spent 5768 gold pieces at shops.
You paid 8300 gold pieces to Gozag.

Inventory:

Hand Weapons
 a - a +2 broad axe of flaming
 d - the +5 falchion "Wuuwux" {freeze, rC++}
   (You found it on level 4 of the Lair of Beasts)

   It has been specially enchanted to freeze those struck by it, causing extra
   injury to most foes and up to half again as much damage against particularly
   susceptible opponents.
   It can also slow down cold-blooded creatures.
   It greatly protects you from cold.
 g - a +7 war axe
 s - a +3 war axe of venom (weapon)
 w - a +2 hand crossbow of flaming
Missiles
 b - 4 boomerangs of dispersal
 h - 34 boomerangs (quivered)
 l - 1181 bolts
Armour
 f - the +1 scale mail of Parts Unknown (worn) {rF++ rN+ Dex+4 SInv}
   (You found it on level 6 of the Dungeon)

   It affects your dexterity (+4).
   It greatly protects you from fire.
   It protects you from negative energy.
   It lets you see invisible.
 n - a +2 pair of boots (worn)
 o - the cursed +0 cloak of the Blessed Realm (worn) {rN+ Str+4 Int+3}
   (You found it on level 4 of the Lair of Beasts)

   It affects your strength (+4).
   It affects your intelligence (+3).
   It protects you from negative energy.
   It has a curse placed upon it.
 G - the +2 helmet of Yrizaz (worn) {Regen+ Int+4 SInv}
   (You bought it in a shop on level 2 of the Orcish Mines)

   It affects your intelligence (+4).
   It lets you see invisible.
   It increases your rate of regeneration.
 T - a +5 shield of protection (worn)
 X - a +2 pair of gloves of dexterity
Jewellery
 k - a +5 ring of evasion (left claw)
 C - a +5 amulet of reflection (around neck)
 D - an uncursed ring of flight
 E - a +4 ring of protection (right claw)
Wands
 e - a wand of iceblast (15)
 t - a wand of digging (3)
 z - a wand of enslavement (8)
 A - a wand of paralysis (14)
 R - a wand of acid (18)
Scrolls
 i - a scroll of enchant armour
 r - 4 scrolls of immolation
 u - 6 scrolls of fear
 y - 18 scrolls of teleportation
 B - a scroll of silence
 F - 3 scrolls of magic mapping
 K - 14 scrolls of remove curse
 L - 3 scrolls of fog
 S - 7 scrolls of identify
Potions
 j - 24 potions of curing
 x - 12 potions of flight
 J - 2 potions of cancellation
 V - 4 potions of heal wounds
Miscellaneous
 c - a box of beasts
 q - a phantom mirror
 v - a lamp of fire
 H - a lightning rod (4/4)
 M - a phial of floods
 N - 3 sacks of spiders
 P - a fan of gales
Comestibles
 Y - 21 rations


   Skills:
 - Level 8.8 Fighting
 - Level 14.2 Axes
 - Level 12.7 Crossbows
 - Level 11.5 Throwing
 - Level 14.4 Armour
 - Level 11.8 Dodging
 - Level 4.8 Stealth
 - Level 12.3 Shields
 * Level 12.6 Spellcasting
 - Level 5.7 Conjurations
 - Level 6.5 Summonings
 - Level 13.8 Translocations
 - Level 6.0 Air Magic
 - Level 5.1 Poison Magic
 - Level 5.0 Evocations


You had 15 spell levels left.
You knew the following spells:

 Your Spells              Type           Power        Failure   Level  Hunger
a - Lesser Beckoning      Tloc           #######...   1%          3    None
b - Force Lance           Conj/Tloc      ######..     1%          4    None
c - Shroud of Golubria    Chrm/Tloc      ######       1%          2    None
d - Mephitic Cloud        Conj/Pois/Air  ######..     2%          3    None
e - Blink                 Tloc           N/A          1%          2    None
f - Dispersal             Tloc           #######...   4%          6    ####...
g - Passage of Golubria   Tloc           N/A          1%          4    None
h - Apportation           Tloc           ######       1%          1    None
i - Summon Forest         Summ/Tloc      ######....   3%          5    ##.....

Your spell library contained the following spells:

 Spells                   Type           Power        Failure   Level  Hunger
 Magic Dart               Conj           ####         1%          1    None
 Shock                    Conj/Air       ####         1%          1    None
 Summon Butterflies       Summ           ######..     1%          1    None
 Summon Small Mammal      Summ           ####         1%          1    None
 Call Imp                 Summ           ######..     1%          2    None
 Poisonous Vapours        Pois/Air       ######       1%          2    None
 Searing Ray              Conj           ######       1%          2    None
 Call Canine Familiar     Summ           ######..     1%          3    None
 Gell's Gravitas          Tloc           #######...   1%          3    None
 Portal Projectile        Hex/Tloc       ######       1%          3    None
 Teleport Other           Tloc           #######.     1%          3    None
 Flame Tongue             Conj/Fire      #####        2%          1    None
 Static Discharge         Conj/Air       ######..     2%          3    None
 Swiftness                Chrm/Air       #####...     4%          2    None
 Throw Flame              Conj/Fire      #####.       4%          2    None
 Throw Frost              Conj/Ice       #####.       4%          2    None
 Summon Guardian Golem    Hex/Summ       #####...     7%          3    None
 Summon Lightning Spire   Summ/Air       ######..     7%          4    None
 Airstrike                Air            ######....   8%          4    None
 Animate Skeleton         Necr           N/A          9%          1    None
 Confusing Touch          Hex            ###...       9%          1    None
 Corona                   Hex            ###....      9%          1    None
 Freeze                   Ice            ###.         9%          1    None
 Infusion                 Chrm           ###.         9%          1    None
 Conjure Flame            Conj/Fire      #####...     9%          3    None
 Dazzling Spray           Conj/Hex       #####.       9%          3    None
 Iskenderun's Mystic Bla  Conj           ######..     9%          4    None
 Corpse Rot               Necr           N/A          14%         2    None
 Passwall                 Tmut/Erth      ###.....     14%         2    None
 Slow                     Hex            ###.....     14%         2    None
 Song of Slaying          Chrm           ###.....     14%         2    None
 Summon Demon             Summ           ######....   17%         5    ##.....
 Summon Ice Beast         Ice/Summ       #####...     22%         4    None
 Lightning Bolt           Conj/Air       ######....   22%         5    ##.....
 Confuse                  Hex            ###.....     26%         3    None
 Inner Flame              Hex/Fire       ###.....     26%         3    None
 Ozocubu's Armour         Chrm/Ice       ###.....     26%         3    None
 Regeneration             Chrm/Necr      ###.......   26%         3    None
 Spectral Weapon          Hex/Chrm       ###.....     26%         3    None
 Vampiric Draining        Necr           ###.......   26%         3    None
 Fulminant Prism          Conj/Hex       #####.....   26%         4    None
 Sticky Flame             Conj/Fire      #####...     26%         4    None
 Throw Icicle             Conj/Ice       #####...     26%         4    None
 Summon Mana Viper        Hex/Summ       #####...     54%         5    ##.....
 Fireball                 Conj/Fire      #####.....   58%         5    ##.....
 Irradiate                Conj/Tmut      #####.....   58%         5    ##.....
 Cause Fear               Hex            ###.......   65%         4    None
 Ice Form                 Ice/Tmut       ###.....     65%         4    None
 Leda's Liquefaction      Hex/Erth       ###.......   65%         4    None
 Petrify                  Tmut/Erth      ###.....     65%         4    None
 Controlled Blink         Tloc           N/A          89%         8    #######
 Disjunction              Tloc           #######...   89%         8    #######
 Dispel Undead            Necr           ###.....     94%         5    ##.....
 Lee's Rapid Deconstruct  Erth           ###.......   94%         5    ##.....
 Metabolic Englaciation   Hex/Ice        ###.......   94%         5    ##.....
 Yara's Violent Unravell  Hex/Tmut       ###.......   94%         5    ##.....
 Freezing Cloud           Conj/Ice/Air   #####.....   95%         6    ####...
 Bolt of Cold             Conj/Ice       #####.....   99%         6    ####...
 Spellforged Servitor     Conj/Summ      ######....   99%         7    ######.
 Summon Hydra             Summ           ######....   99%         7    ######.
 Death Channel            Necr           ###.......   100%        6    ####...
 Hydra Form               Tmut           ###.......   100%        6    ####...
 Ozocubu's Refrigeration  Ice            ###.......   100%        6    ####...
 Simulacrum               Ice/Necr       ###.......   100%        6    ####...
 Statue Form              Tmut/Erth      ###......    100%        6    ####...
 Dragon Form              Tmut           ###.......   100%        7    ######.
 Ring of Flames           Chrm/Fire      ###.......   100%        7    ######.
 Ignition                 Fire           ###.......   100%        8    #######
 Dragon's Call            Summ           ######....   100%        9    #######
 Shatter                  Erth           ###.......   100%        9    #######
 Tornado                  Air            ######....   100%        9    #######


Dungeon Overview and Level Annotations

Branches:
Dungeon (15/15)            Temple (1/1) D:5            Lair (6/6) D:9
 Shoals (0/4) Lair:4       Spider (4/4) Lair:4        Slime (0/5) Lair:6
    Orc (2/2) D:12            Elf (3/3) Orc:2        Vaults (5/5) D:14
  Crypt (0/3) Vaults:2     Depths (0/5) D:15          Sewer (visited)
Gauntlet (visited)

Altars:
Cheibriados
Dithmenos
Elyvilon
Fedhas
Gozag
Hepliaklqana
Makhleb
Nemelex Xobeh
Okawaru
Qazlal
Ru
Sif Muna
Trog
Uskayaw
Vehumet
Wu Jian
Xom
Yredelemnul
Zin
The Shining One
Beogh
Jiyva

Shops:
D:4 %   D:6 *=(   D:12 (*   D:15 (([((   Orc:1 **!%   Orc:2 *[(

Portals:
Hell: Lair:6

Annotations:
D:5 2 runed translucent doors, Arang's ghost, novice OpFi
D:13 3 runed translucent doors, GordonOverkill's ghost, journeyman DrFE
Elf:2 3 runed translucent doors
Elf:3 2 transporters, Goack's ghost, adept HOFi
Vaults:2 3 runed translucent doors, Oqaxass's ghost, adept BaSu
Vaults:4 3 runed translucent doors


Innate Abilities, Weirdness & Mutations

You have claws for hands.
You have an unnaturally thin skeletal structure. (Dex +6, Stealth++)
You may emit foul miasma when damaged in melee.
You are completely covered in sharp spines.
You are immune to rotting.
Your flesh is heat resistant. (rF+)
You are robust. (+10% HP)


Message History

The vault guard appears confused.
The vault warden activates a sealing rune.
The sphinx becomes distracted by the nearby gold, dreaming of imaginary riches.
Casting: Mephitic Cloud (safe; 2% risk of failure)
Confirm with . or Enter, or press ? or * to list all spells.
You miscast Dispersal.
You spin around.
The sphinx shouts!
You hear a shout!
The sphinx is no longer distracted by gold.
The titan hits you!!!
* * * LOW HITPOINT WARNING * * *
The vault guard hits the sphinx but does no damage.
You block the sphinx's attack. x2; The sphinx hits you but does no damage.
The stone giant throws a large rock.
You reflect the large rock off an invisible shield around you!
The large rock barely misses the sphinx.
The large rock hits the stone giant!!
The titan waves its arms in wide circles.
The air twists around and strikes you!
You die...
Your body crumbles into a pile of gold.

#§$§$#
♣....♣
#D♣C^#
$
♣.X..#
$
♣....♣
♣....#
$$
#p.p.#
#CHC.#
#@...#
#....#
#....#
#....#
#....#
#....#
$
#....#
......


You could see a tentacled monstrosity, a titan, a storm dragon, a frost giant, a
sphinx, a stone giant, a vault warden and a vault guard (confused).

Vanquished Creatures
  Bai Suzhen (Vaults:3)
  A lich (Vaults:4)
  2 tentacled monstrosities (Vaults:4)
  A titan (Vaults:5)
  2 deep elf blademasters (Elf:3)
  Roxanne (Spider:4)
  An azure jelly (shapeshifter) (Vaults:4)
  2 fire giants
  6 deep elf sorcerers
  A frost giant (Vaults:2)
  An orc warlord (Orc:1)
  13 vault wardens
  3 ghost moths
  6 emperor scorpions
  Louise (Spider:1)
  4 deep elf elementalists
  11 ironheart preservers
  4 very ugly things
  A war gargoyle (Vaults:4)
  5 stone giants
  A vampire knight (Vaults:2)
  8 deep elf annihilators
  An entropy weaver (Spider:4)
  6 deep elf demonologists (Elf:3)
  A minotaur (Gauntlet)
  The ghost of ViolentOr the Thaumaturge, a journeyman GnWz of Yredelemnul (Lair:6)
  A dire elephant (Lair:6)
  3 ettins
  3 spark wasps
  9 deep elf death magi
  10 ogre magi
  Erolcha (D:9)
  A deep elf high priest (Elf:3)
  6 yaktaur captains
  4 great orbs of eyes
  29 vault guards
  8 hydras
  4 rakshasas
  The ghost of Pein the Grappler, a journeyman VSTm of Kikubaaqudgha (Lair:4)
  8 centaur warriors
  3 death knights
  30 two-headed ogres
  3 deep troll earth magi
  A queen ant (Lair:2)
  A deep troll shaman (Vaults:4)
  5 orc high priests
  4 shadow wraiths
  21 deep elf knights
  A fire crab (D:14)
  4 hell knights
  A sixfirhy (Lair:6)
  A skeletal warrior (Vaults:2)
  2 shadow demons (Elf:3)
  3 glowing orange brains
  2 unseen horrors
  A flayed ghost (Vaults:4)
  16 ironbrand convokers
  11 deep trolls
  2 harpies (shapeshifter) (D:15)
  14 deep elf archers
  17 orc knights
  A necromancer (Vaults:3)
  4 wizards
  5 harpies (Vaults:4)
  17 orb spiders
  A phantasmal warrior (Vaults:4)
  A wolf spider zombie (D:15)
  4 cyclopes
  61 deep elf magi
  An orb spider (shapeshifter) (Vaults:2)
  7 orc sorcerers
  38 wolf spiders
  4 oklob plants (Lair:2)
  6 manticores
  25 ugly things
  11 vault sentinels
  6 elephants (Lair:6)
  Joseph (D:7)
  5 moths of wrath
  6 black mambas
  2 torpor snails (Lair:3)
  6 orange demons
  8 spiny frogs
  An efreet (D:15)
  4 komodo dragons
  4 rime drakes
  A spiny frog (shapeshifter) (Vaults:1)
  5 kobold demonologists
  18 demonic crawlers
  A yaktaur (shapeshifter) (D:15)
  29 yaktaurs
  6 freezing wraiths
  3 ice devils
  A hellwing (Lair:6)
  2 queen bees
  3 red devils
  A spectral harpy (Gauntlet)
  28 jumping spiders
  5 trolls
  3 meliai (D:13)
  A polar bear (Lair:2)
  18 slime creatures
  A dream sheep (shapeshifter) (D:15)
  12 hornets
  16 blink frogs
  A fire giant simulacrum (Vaults:3)
  11 dream sheep
  9 hippogriffs
  Sigmund (D:5)
  A snapping turtle (Lair:4)
  A flying skull (Vaults:2)
  6 air elementals
  52 redbacks
  A spriggan (shapeshifter) (D:15)
  36 tarantellas
  52 yaks
  5 basilisks
  2 water elementals
  4 wyverns
  3 shadows
  3 fire elementals
  2 wraiths
  A vampire (D:14)
  2 hungry ghosts (D:14)
  A yaktaur simulacrum (Vaults:1)
  9 vampire mosquitoes
  Edmund (D:5)
  5 soldier ants
  6 wargs
  An acid dragon (shapeshifter) (Vaults:1)
  2 acid dragons
  3 hell hounds (Lair:6)
  8 water moccasins
  11 porcupines
  57 orc warriors
  6 ice beasts
  A meliai simulacrum (D:14)
  6 sky beasts
  An ettin simulacrum (Vaults:3)
  3 phantoms
  35 ogres
  9 boggarts
  An eye of draining (shapeshifter) (Elf:1)
  13 centaurs
  4 wolves (Lair:5)
  5 crocodiles
  3 big kobolds
  20 bullfrogs
  A wyvern zombie (D:12)
  2 earth elementals (Elf:1)
  3 scorpions
  32 killer bees
  A human simulacrum (Vaults:3)
  2 vampire bats (Lair:6)
  8 wights
  3 electric eels
  A howler monkey (D:7)
  A lava snake (Lair:4)
  3 quasits
  14 crimson imps
  2 bullfrog zombies
  3 centaur skeletons
  6 jellies
  20 orc priests
  A bullfrog skeleton (D:7)
  4 hounds
  An iguana (D:6)
  32 orc wizards
  24 worker ants
  A hound zombie (D:9)
  A hound skeleton (D:8)
  An adder (shapeshifter) (Elf:2)
  13 adders
  6 gnolls
  2 river rats (Sewer)
  4 white imps (Gauntlet)
  3 oozes
  An adder skeleton (D:5)
  An adder zombie (D:3)
  5 worms
  4 dart slugs
  3 leopard geckos
  104 orcs
  2 ball pythons (Sewer)
  14 bats
  2 giant cockroaches
  4 hobgoblins
  4 jackals (D:2)
  16 kobolds
  4 quokkas
  5 frilled lizards
  5 goblins
  A leopard gecko skeleton (D:7)
  6 rats
  2 bushes (Elf:1)
  A butterfly (Lair:2)
  A demonic plant (Gauntlet)
  7 fungi
  A plant (Lair:2)
1491 creatures vanquished.

Vanquished Creatures (collateral kills)
  A deep elf sorcerer (Elf:3)
  A deep elf elementalist (Elf:3)
  A vault guard (Vaults:3)
  An ugly thing (D:14)
  A deep elf mage (Elf:3)
  A wolf spider (Vaults:3)
  A yak (D:14)
  A water elemental (Elf:3)
  A crimson imp (D:14)
9 creatures vanquished.

Vanquished Creatures (others)
  2 deep elf master archers (Elf:3)
  A tengu reaver (Vaults:3)
  An ironheart preserver (Vaults:3)
  A stone giant (Vaults:4)
  Nessos (Lair:4)
  A yaktaur captain (Vaults:1)
  11 dancing weapons
  A deep troll (Vaults:3)
  A deep elf archer (Vaults:3)
  An ironbrand convoker (Vaults:2)
  A deep elf mage (Elf:2)
  11 yaktaurs
  A rime drake (Lair:6)
  A hornet (Spider:4)
  2 orc warriors
  A boggart (Elf:1)
  An orc (Vaults:3)
  A bush (D:11)
  21 demonic plants (Gauntlet)
  8 fungi
  8 plants
77 creatures vanquished.

Grand Total: 1577 creatures vanquished

Notes
Turn   | Place    | Note
-------+----------+-------------------------------------------
     0 | D:1      | Chiseanne the Demonspawn Wizard began the quest for the
                  | Orb.
     0 | D:1      | Reached XP level 1. HP: 13/13 MP: 4/4
   221 | D:1      | Gained mutation: You are immune to rotting. [demonic
                  | ancestry]
   221 | D:1      | Reached XP level 2. HP: 14/19 MP: 0/6
   831 | D:2      | Learned a level 2 spell: Blink
  1006 | D:2      | Reached XP level 3. HP: 24/24 MP: 0/8
  1081 | D:2      | Learned a level 3 spell: Conjure Flame
  1085 | D:2      | Learned a level 3 spell: Mephitic Cloud
  2067 | D:2      | Found a sacrificial altar of Ru.
  2407 | D:3      | Gained mutation: You have a somewhat thin skeletal
                  | structure. (Dex +2, Stealth) [demonic ancestry]
  2407 | D:3      | Reached XP level 4. HP: 30/30 MP: 5/9
  2458 | D:3      | Reached skill level 1 in Air Magic
  3491 | D:4      | Found Xamo Que's Food Shoppe.
  3517 | D:4      | Gained mutation: You have a moderately thin skeletal
                  | structure. (Dex +4, Stealth+) [demonic ancestry]
  3517 | D:4      | Reached XP level 5. HP: 27/35 MP: 0/11
  3636 | D:4      | Found a shimmering blue altar of Sif Muna.
  3992 | D:4      | Noticed a phantom
  4290 | D:4      | Noticed a phantom
  4304 | D:4      | Killed a phantom
  4411 | D:4      | Noticed an ogre
  4413 | D:4      | Reached XP level 6. HP: 41/41 MP: 6/12
  4600 | D:4      | Found Geqout's Distillery.
  5126 | D:5      | Entered Level 5 of the Dungeon
  5133 | D:5      | Found a staircase to the Ecumenical Temple.
  5182 | Temple   | Entered the Ecumenical Temple
  5231 | Temple   | Became a worshipper of Vehumet
  5253 | D:5      | Gained mutation: You are partially covered in sharp spines.
                  | [demonic ancestry]
  5253 | D:5      | Reached XP level 7. HP: 46/46 MP: 6/14
  5394 | D:5      | Found a glowing drain.
  5486 | Sewer    | Entered a sewer
  5754 | Sewer    | Reached skill level 5 in Spellcasting
  6351 | D:5      | Noticed Sigmund
  6365 | D:5      | Reached XP level 8. HP: 26/52 MP: 5/16
  6371 | D:5      | Killed Sigmund
  6371 | D:5      | Reached skill level 5 in Conjurations
  6626 | D:5      | Found a large runed translucent door.
  6627 | D:5      | Found a large runed translucent door.
  6699 | D:5      | Noticed Arang's ghost (novice OpFi)
  7124 | D:5      | Found a hide-covered altar of Uskayaw.
  7221 | D:5      | Noticed Edmund
  7222 | D:5      | Reached * piety under Vehumet
  7222 | D:5      | Offered knowledge of Flame Tongue by Vehumet.
  7258 | D:5      | Killed Edmund
  7768 | D:6      | Got a transparent scale mail
  7770 | D:6      | Identified the cursed +1 scale mail of Parts Unknown {rF++
                  | rN+ Dex+4 SInv} (You found it on level 6 of the Dungeon)
  7835 | D:6      | Reached skill level 1 in Armour
  8002 | D:6      | Found an ornate altar of the Wu Jian Council.
  8010 | D:6      | Found Hyuweatt's Antique Weapon Boutique.
  8034 | D:6      | Found Tyfygom's Jewellery Shop.
  8137 | D:6      | Reached skill level 1 in Fighting
  8214 | D:6      | Found Hafat's Assorted Antiques.
  8217 | D:6      | Bought a scroll labeled ULUXEL WEUVEDUA for 19 gold pieces
  8217 | D:6      | Bought 2 potions of curing for 114 gold pieces
  8217 | D:6      | Bought a glowing war axe for 123 gold pieces
  8614 | D:7      | Gained mutation: You have an unnaturally thin skeletal
                  | structure. (Dex +6, Stealth++) [demonic ancestry]
  8614 | D:7      | Reached XP level 9. HP: 42/61 MP: 18/18
  8615 | D:7      | Reached skill level 1 in Axes
  8789 | D:7      | Noticed Joseph
  8812 | D:7      | Killed Joseph
  9321 | D:7      | Found a blossoming altar of Fedhas.
  9424 | D:8      | Found a sparkling altar of Nemelex Xobeh.
  9982 | D:8      | Reached ** piety under Vehumet
 10594 | D:8      | Noticed a two-headed ogre
 10614 | D:8      | Killed a two-headed ogre
 10614 | D:8      | Reached skill level 5 in Fighting
 10692 | D:9      | Noticed Erolcha
 10703 | D:9      | Killed Erolcha
 10703 | D:9      | Offered knowledge of Sandblast by Vehumet.
 10703 | D:9      | Reached skill level 5 in Armour
 10703 | D:9      | Gained mutation: You have sharp fingernails. [demonic
                  | ancestry]
 10703 | D:9      | Reached XP level 10. HP: 43/75 MP: 7/19
 10854 | D:9      | Found a white marble altar of Elyvilon.
 11013 | D:9      | Reached skill level 5 in Axes
 11213 | D:9      | Found a staircase to the Lair.
 11246 | D:9      | Found a glowing golden altar of the Shining One.
 11508 | D:9      | Found a snail-covered altar of Cheibriados.
 11656 | D:9      | Found a bloodstained altar of Trog.
 11743 | D:10     | Entered Level 10 of the Dungeon
 11770 | D:10     | Noticed a centaur warrior
 11774 | D:10     | Killed a centaur warrior
 12225 | D:10     | Paralysed by a hornet for 1 turns
 12595 | D:10     | Noticed a two-headed ogre
 12621 | D:10     | Killed a two-headed ogre
 12621 | D:10     | Gained mutation: You have very sharp fingernails. [demonic
                  | ancestry]
 12621 | D:10     | Reached XP level 11. HP: 50/84 MP: 9/20
 12937 | D:11     | Offered knowledge of Throw Frost by Vehumet.
 13722 | Temple   | Fell from the grace of Vehumet
 13722 | Temple   | Became a worshipper of Gozag Ym Sagoz the Greedy
 13768 | D:4      | Bought a potion of invisibility for 104 gold pieces
 14738 | D:12     | Found a gate leading to a gauntlet.
 14774 | Gauntlet | Entered a Gauntlet
 14774 | Gauntlet | Found a transporter.
 14774 | Gauntlet | Found a transporter.
 14779 | Gauntlet | Found a transporter.
 14788 | Gauntlet | Found a transporter.
 14807 | Gauntlet | Found a transporter.
 14832 | Gauntlet | Found a transporter.
 14851 | Gauntlet | Found a transporter.
 14861 | Gauntlet | Found a transporter.
 14949 | Gauntlet | Noticed a tengu warrior
 14950 | Gauntlet | Found a transporter.
 14965 | Gauntlet | Found a transporter.
 14967 | Gauntlet | Found a large runed translucent door.
 14967 | Gauntlet | Found a large runed translucent door.
 14968 | Gauntlet | Found a large runed translucent door.
 14968 | Gauntlet | Found a large runed translucent door.
 14969 | Gauntlet | Found a large runed translucent door.
 14969 | Gauntlet | Found a large runed translucent door.
 14969 | Gauntlet | Found a runed translucent door.
 14969 | Gauntlet | Found a runed translucent door.
 14969 | Gauntlet | Found a large runed translucent door.
 14969 | Gauntlet | Found a large runed translucent door.
 14973 | Gauntlet | Found a large runed translucent door.
 14973 | Gauntlet | Found a large runed translucent door.
 14974 | Gauntlet | Found a large runed translucent door.
 14974 | Gauntlet | Found a large runed translucent door.
 14976 | Gauntlet | Found a large runed translucent door.
 14976 | Gauntlet | Found a large runed translucent door.
 14976 | Gauntlet | Found a large runed translucent door.
 14978 | Gauntlet | Found a runed translucent gate.
 14978 | Gauntlet | Found a runed translucent gate.
 14978 | Gauntlet | Found a runed translucent gate.
 14979 | Gauntlet | Noticed a death scarab
 14980 | Gauntlet | Found a transporter.
 14992 | Gauntlet | Found a large runed translucent door.
 14994 | Gauntlet | Found a transporter.
 15010 | Gauntlet | Noticed an entropy weaver
 15011 | Gauntlet | Found a transporter.
 15011 | Gauntlet | Noticed a wolf spider
 15103 | Gauntlet | Noticed a soul eater
 15107 | Gauntlet | Found a transporter.
 15117 | Gauntlet | Found a transporter.
 15119 | Gauntlet | Noticed a death drake
 15594 | Gauntlet | Got a crude scimitar
 15598 | Gauntlet | Identified the cursed +0 scimitar of the Pit {elec, rC-
                  | Str+2 Dex+8 Stlth+} (You found it in a Gauntlet)
 15881 | Gauntlet | Got an ancient cloak
 15933 | Gauntlet | Identified the cursed -1 cloak of Space {+Fly Slay+3} (You
                  | found it in a Gauntlet)
 15947 | Gauntlet | Identified the cursed +0 plate armour of Vyk Biy {MR- Int+6
                  | Dex+4}
 15947 | Gauntlet | Noticed a minotaur
 15957 | Gauntlet | Killed a minotaur
 15970 | Gauntlet | Got a polished leather armour
 16210 | D:12     | Noticed an unseen horror
 16225 | D:12     | Killed an unseen horror
 16225 | D:12     | Reached skill level 1 in Shields
 17050 | D:12     | Noticed a deep elf mage
 17061 | D:12     | Killed a deep elf mage
 17061 | D:12     | Gained mutation: You may emit foul miasma when damaged in
                  | melee. [demonic ancestry]
 17061 | D:12     | Reached XP level 12. HP: 50/94 MP: 21/21
 17485 | D:12     | Found a staircase to the Orcish Mines.
 18119 | D:12     | Bought a yellow potion for 30 gold pieces
 18119 | D:12     | Bought a scroll of fog for 68 gold pieces
 18124 | D:12     | Bought a scroll of remove curse for 102 gold pieces
 18854 | D:13     | Noticed a two-headed ogre
 18863 | D:13     | Killed a two-headed ogre
 18895 | D:13     | Reached skill level 5 in Shields
 19021 | D:13     | Got a shimmering dagger
 19022 | D:13     | Identified the +8 dagger of the End {vamp, Str-5 Int+4}
                  | (You found it on level 13 of the Dungeon)
 19092 | D:13     | Found a runed translucent gate.
 19094 | D:13     | Found a runed translucent gate.
 19094 | D:13     | Noticed GordonOverkill's ghost (journeyman DrFE)
 19095 | D:13     | Found a runed translucent gate.
 19272 | D:13     | Reached skill level 5 in Crossbows
 19528 | D:13     | Was forgiven by Vehumet
 20624 | D:14     | Reached XP level 13. HP: 51/100 MP: 22/22
 20797 | D:14     | Reached skill level 10 in Crossbows
 20966 | D:14     | Found a gate to the Vaults.
 21539 | D:12     | Bought a scroll of enchant armour for 255 gold pieces
 21576 | D:15     | Entered Level 15 of the Dungeon
 21612 | D:15     | Found a basalt altar of Yredelemnul.
 21679 | D:15     | Identified the cursed +0 leather armour "Duipsiteu" {Str+2
                  | Int+3 Stlth-} (You found it in a Gauntlet)
 22670 | D:15     | Found a staircase to the Depths.
 23133 | D:4      | Bought a potion of mutation for 104 gold pieces
 23133 | D:4      | Bought a potion of curing for 39 gold pieces
 23133 | D:4      | Bought a potion of curing for 39 gold pieces
 23133 | D:4      | Bought a potion of curing for 39 gold pieces
 23133 | D:4      | Bought a potion of curing for 39 gold pieces
 23137 | D:4      | Bought a potion of mutation for 104 gold pieces
 23348 | Orc:1    | Entered Level 1 of the Orcish Mines
 23348 | Orc:1    | Found Caxe's Distillery.
 23348 | Orc:1    | Found Befubb's Food Shop.
 23464 | Orc:1    | Found a roughly hewn altar of Beogh.
 23615 | Orc:1    | Found Uwkah's General Store.
 23633 | Orc:1    | Bought a scroll of enchant armour for 82 gold pieces
 23633 | Orc:1    | Bought a scroll of fear for 38 gold pieces
 23633 | Orc:1    | Bought a scroll of immolation for 38 gold pieces
 23635 | Orc:1    | Found Quvuq's General Store.
 23671 | Orc:1    | Reached skill level 10 in Armour
 23687 | Orc:1    | Found Zeluf's Distillery.
 23690 | Orc:1    | Bought a scroll of teleportation for 42 gold pieces
 23690 | Orc:1    | Bought a potion of curing for 42 gold pieces
 23690 | Orc:1    | Bought a scroll of identify for 28 gold pieces
 23690 | Orc:1    | Bought a scroll of fog for 28 gold pieces
 23714 | Orc:1    | Bought a potion of ambrosia for 120 gold pieces
 23714 | Orc:1    | Bought a potion of heal wounds for 75 gold pieces
 23714 | Orc:1    | Bought a potion of curing for 45 gold pieces
 23928 | Orc:2    | Entered Level 2 of the Orcish Mines
 23928 | Orc:2    | Found a staircase to the Elven Halls.
 24063 | Orc:2    | Reached skill level 10 in Axes
 24380 | Orc:2    | Found a roughly hewn altar of Beogh.
 24513 | Orc:2    | Noticed an orc warlord
 24540 | Orc:2    | Reached XP level 14. HP: 67/106 MP: 23/23
 24542 | Orc:2    | Reached skill level 5 in Dodging
 24876 | Orc:1    | Killed an orc warlord
 25124 | Orc:2    | Found a roughly hewn altar of Beogh.
 25683 | Orc:2    | Found a roughly hewn altar of Beogh.
 25704 | Orc:2    | Found Qikog's General Store.
 25719 | Orc:2    | Bought a scroll of magic mapping for 59 gold pieces
 25719 | Orc:2    | Bought a scroll of identify for 34 gold pieces
 25719 | Orc:2    | Bought a potion of curing for 51 gold pieces
 25719 | Orc:2    | Bought a scroll of remove curse for 51 gold pieces
 25719 | Orc:2    | Bought a scroll of remove curse for 51 gold pieces
 25719 | Orc:2    | Bought a scroll of enchant armour for 127 gold pieces
 25772 | Orc:2    | Found a roughly hewn altar of Beogh.
 25780 | Orc:2    | Found a roughly hewn altar of Beogh.
 25792 | Orc:2    | Found a roughly hewn altar of Beogh.
 25889 | Orc:2    | Found Deoniwn's Antique Weapon Shop.
 25890 | Orc:2    | Found a roughly hewn altar of Beogh.
 25897 | Orc:2    | Found Geliz's Antique Armour Boutique.
 25915 | Orc:2    | Bought a faintly glowing helmet for 237 gold pieces
 25915 | Orc:2    | Bought a spiked cloak for 237 gold pieces
 25915 | Orc:2    | Bought a bloodstained scale mail for 225 gold pieces
 25922 | Orc:2    | Identified the +2 helmet of Yrizaz {Regen+ Int+4 SInv} (You
                  | bought it in a shop on level 2 of the Orcish Mines)
 25935 | Orc:2    | Identified the cursed +0 cloak of the Shore {*Contam Int+10
                  | Dex-2 Stlth+} (You bought it in a shop on level 2 of the
                  | Orcish Mines)
 25946 | Orc:2    | Identified the +5 scale mail "Qome" {Dex+3} (You bought it
                  | in a shop on level 2 of the Orcish Mines)
 25991 | Orc:2    | Found a roughly hewn altar of Beogh.
 26061 | Orc:2    | Found a roughly hewn altar of Beogh.
 26069 | Orc:2    | Found Heirier's Distillery.
 26118 | Orc:2    | Bought a potion of resistance for 140 gold pieces
 26118 | Orc:2    | Bought a potion of cancellation for 112 gold pieces
 26118 | Orc:2    | Bought a potion of curing for 42 gold pieces
 26118 | Orc:2    | Bought a potion of might for 56 gold pieces
 26118 | Orc:2    | Bought a potion of curing for 42 gold pieces
 26308 | Lair:1   | Entered Level 1 of the Lair of Beasts
 28951 | Lair:4   | Found a hole to the Spider Nest.
 28962 | Lair:4   | Found a runed translucent gate.
 28965 | Lair:4   | Found a runed translucent gate.
 28965 | Lair:4   | Noticed Pein's ghost (journeyman VSTm)
 29052 | Lair:4   | Got a jewelled falchion
 29118 | Lair:4   | Identified the +5 falchion "Wuuwux" {freeze, rC++} (You
                  | found it on level 4 of the Lair of Beasts)
 29297 | Lair:4   | Noticed Nessos
 29312 | Lair:4   | Killed Nessos
 29443 | Lair:4   | Found a runed translucent gate.
 29488 | Lair:4   | Killed Pein's ghost
 29660 | Lair:4   | Identified the cursed +1 broad axe "Otrarr" {holy, +Inv
                  | rPois Stlth-} (You found it on level 4 of the Lair of
                  | Beasts)
 29663 | Lair:4   | Identified the cursed +0 cloak of the Blessed Realm {rN+
                  | Str+4 Int+3} (You found it on level 4 of the Lair of
                  | Beasts)
 29704 | Lair:4   | Found a staircase to the Shoals.
 30304 | Lair:5   | Reached XP level 15. HP: 101/112 MP: 24/24
 30877 | Lair:5   | Identified the +5 falchion of Hyserag {flame, *Noise rF+
                  | MR++} (You found it on level 5 of the Lair of Beasts)
 31121 | Lair:6   | Entered Level 6 of the Lair of Beasts
 31141 | Lair:6   | Found a runed translucent gate.
 31141 | Lair:6   | Found a runed translucent gate.
 31160 | Lair:6   | Found a runed translucent gate.
 31189 | Lair:6   | Noticed ViolentOr's ghost (journeyman GnWz)
 31281 | Lair:6   | Identified the +6 long sword "Negrusoi" {holy, rElec rPois}
                  | (You found it on level 6 of the Lair of Beasts)
 31351 | Lair:6   | Found a viscous altar of Jiyva.
 31351 | Lair:6   | Found a staircase to the Slime Pits.
 32010 | Lair:6   | Found a burning altar of Makhleb.
 32149 | Lair:6   | Found a gateway to Hell.
 32439 | Lair:6   | Killed ViolentOr's ghost
 33103 | Spider:1 | Entered Level 1 of the Spider Nest
 33103 | Spider:1 | Noticed Louise
 33112 | Spider:1 | Killed Louise
 34167 | Spider:2 | Reached XP level 16. HP: 119/119 MP: 25/25
 34284 | Spider:2 | Reached skill level 10 in Shields
 36111 | Spider:4 | Entered Level 4 of the Spider Nest
 36120 | Spider:4 | Identified Roxanne's Compendium of the Mountains
 36120 | Spider:4 | Noticed Roxanne
 36174 | Spider:4 | Killed Roxanne
 36283 | Spider:4 | Reached skill level 10 in Dodging
 36456 | Spider:4 | Paralysed by a hornet for 1 turns
 37904 | Spider:4 | Gained mutation: You are mostly covered in sharp spines.
                  | [demonic ancestry]
 37904 | Spider:4 | Reached XP level 17. HP: 124/124 MP: 26/26
 38266 | Spider:4 | Got a gossamer rune of Zot
 38638 | Orc:2    | Bought a potion of heal wounds for 70 gold pieces
 38638 | Orc:2    | Bought a potion of resistance for 140 gold pieces
 38638 | Orc:2    | Bought a potion of mutation for 112 gold pieces
 38638 | Orc:2    | Bought a potion of flight for 42 gold pieces
 38638 | Orc:2    | Bought a potion of flight for 42 gold pieces
 38693 | Orc:1    | Bought a potion of flight for 45 gold pieces
 38693 | Orc:1    | Bought a potion of curing for 45 gold pieces
 38693 | Orc:1    | Bought a potion of brilliance for 60 gold pieces
 38693 | Orc:1    | Bought a potion of heal wounds for 75 gold pieces
 38693 | Orc:1    | Bought a potion of flight for 45 gold pieces
 38693 | Orc:1    | Bought a potion of brilliance for 60 gold pieces
 38693 | Orc:1    | Bought a potion of magic for 120 gold pieces
 38693 | Orc:1    | Bought a potion of haste for 150 gold pieces
 38740 | Orc:1    | Bought a potion of brilliance for 64 gold pieces
 38740 | Orc:1    | Bought a potion of might for 64 gold pieces
 38740 | Orc:1    | Bought 2 potions of curing for 96 gold pieces
 38740 | Orc:1    | Bought 2 potions of heal wounds for 160 gold pieces
 38740 | Orc:1    | Bought a potion of curing for 48 gold pieces
 38959 | D:4      | Bought a potion of brilliance for 52 gold pieces
 38959 | D:4      | Bought a potion of magic for 104 gold pieces
 38959 | D:4      | Bought a potion of brilliance for 52 gold pieces
 38959 | D:4      | Bought a potion of brilliance for 52 gold pieces
 38959 | D:4      | Bought a potion of brilliance for 52 gold pieces
 39401 | Elf:1    | Entered Level 1 of the Elven Halls
 39417 | Elf:1    | Reached skill level 1 in Evocations
 39872 | Elf:1    | Reached skill level 5 in Evocations
 40541 | Elf:1    | Reached skill level 1 in Translocations
 40814 | Elf:2    | Got a jewelled war axe
 40816 | Elf:2    | Identified the +5 war axe of Doubt {venom, *Rage rElec
                  | Dex+3 Stlth+} (You found it on level 2 of the Elven Halls)
 40857 | Elf:2    | Found a runed translucent gate.
 40857 | Elf:2    | Found a runed translucent gate.
 40857 | Elf:2    | Found a runed translucent gate.
 41027 | Elf:2    | Reached skill level 5 in Translocations
 41153 | Elf:2    | Cast into level 2 of the Abyss (a deep elf sorcerer)
 41163 | Elf:2    | Escaped the Abyss
 41333 | Elf:3    | Entered Level 3 of the Elven Halls
 41348 | Elf:3    | Reached skill level 1 in Poison Magic
 41427 | Elf:3    | Identified the +3 rapier of Megalomania {antimagic, rPois
                  | rC+} (You found it on level 3 of the Elven Halls)
 41454 | Elf:3    | Found a transporter.
 41454 | Elf:3    | Noticed Goack's ghost (adept HOFi)
 41455 | Elf:3    | Found a transporter.
 42200 | Elf:3    | Identified the +9 scimitar of Devotion {chaos, +Fly rF-
                  | Str+6}
 42209 | Elf:3    | Identified a scroll of acquirement
 42330 | Elf:3    | Noticed a deep elf blademaster
 42331 | Elf:3    | Noticed a deep elf master archer
 42353 | Elf:3    | Killed a deep elf blademaster
 42374 | Elf:3    | Reached skill level 5 in Poison Magic
 42380 | Elf:3    | Gained mutation: You are completely covered in sharp
                  | spines. [demonic ancestry]
 42380 | Elf:3    | Reached XP level 18. HP: 131/131 MP: 24/27
 42406 | Elf:3    | Cast into level 2 of the Abyss (a deep elf sorcerer)
 42425 | Elf:3    | Escaped the Abyss
 42432 | Elf:3    | Noticed an Ice Fiend
 42436 | Elf:3    | Reached skill level 5 in Air Magic
 42611 | Elf:3    | Learned a level 3 spell: Lesser Beckoning
 43136 | D:15     | Learned a level 2 spell: Shroud of Golubria
 43141 | D:15     | Learned a level 4 spell: Force Lance
 43147 | D:15     | Learned a level 4 spell: Passage of Golubria
 43378 | Elf:3    | Identified the +4 glaive of Triumph {chop, rC++ MP+9 Str-4
                  | Dex+3}
 43388 | Elf:3    | Identified the amulet "Naetih" {+Rage Str+5}
 43514 | Elf:3    | Found the +8 orange crystal plate armour {Archmagi, Int+3
                  | Clar}
 43708 | Elf:3    | Got an obsidian-encrusted plate armour
 43724 | Elf:3    | Identified the +6 plate armour of Akkuamot {Str+5} (You
                  | found it on level 3 of the Elven Halls)
 43729 | Elf:3    | Identified the cursed +1 acid dragon scales "Zaudy" {rElec
                  | rCorr}
 43891 | Elf:3    | Noticed a Tzitzimitl
 44120 | Elf:3    | Identified the Handbook of Displaced Black Rites
 44130 | Elf:3    | Identified the Incunabulum of Necromancy and the Mountains
 44240 | Elf:3    | Noticed an Ice Fiend
 44241 | Elf:3    | Found a shimmering blue altar of Sif Muna.
 44241 | Elf:3    | Noticed a Tzitzimitl
 44812 | Elf:3    | Identified the Grimoire of Creation
 44979 | Orc:2    | Learned a level 1 spell: Apportation
 45170 | D:15     | Bought a runed hand crossbow for 188 gold pieces
 45170 | D:15     | Bought a polished long sword for 246 gold pieces
 45174 | D:15     | Identified the +5 long sword of the Crypt {antimagic, rElec
                  | rN+ Int+4} (You bought it in a shop on level 15 of the
                  | Dungeon)
 45318 | Vaults:1 | Entered Level 1 of the Vaults
 45326 | Vaults:1 | Reached skill level 10 in Translocations
 45504 | Vaults:1 | Paralysed by a great orb of eyes for 3 turns
 45719 | Vaults:1 | Gained mutation: You are clumsy. (Dex -2) [a neqoxec]
 45722 | Vaults:1 | Gained mutation: You are dopey. (Int -2) [a neqoxec]
 46670 | Vaults:1 | Identified the cursed +0 scale mail of Mije {MR+} (You
                  | found it on level 1 of the Vaults)
 47279 | Vaults:2 | Reached XP level 19. HP: 67/136 MP: 28/28
 47494 | Vaults:2 | Found a staircase to the Crypt.
 47556 | Vaults:2 | Found a runed translucent gate.
 47570 | Vaults:2 | Found a runed translucent gate.
 47570 | Vaults:2 | Found a runed translucent gate.
 47579 | Vaults:2 | Noticed Oqaxass's ghost (adept BaSu)
 47640 | Vaults:2 | Gained mutation: You are weak. (Str -2) [mutagenic glow]
 48063 | Vaults:2 | HP: 1/136 [death knight/+3 great mace (14)]
 48908 | Vaults:2 | Paralysed by a great orb of eyes for 6 turns
 49327 | D:15     | Bought an ivory hand crossbow for 221 gold pieces
 49327 | D:15     | Bought a runed broad axe for 182 gold pieces
 49334 | D:15     | Identified the +1 hand crossbow of Superiority {venom,
                  | Int+2} (You bought it in a shop on level 15 of the Dungeon)
 49356 | D:15     | Lost mutation: You are weak. (Str -2) [potion of mutation]
 49356 | D:15     | Lost mutation: You are dopey. (Int -2) [potion of mutation]
 49356 | D:15     | Gained mutation: Your muscles are strong. (Str +2) [potion
                  | of mutation]
 49356 | D:15     | Gained mutation: You have large cloven feet. [potion of
                  | mutation]
 49356 | D:15     | Gained mutation: Your spells are a little harder to cast,
                  | but a little more powerful. [potion of mutation]
 49357 | D:15     | Lost mutation: You are clumsy. (Dex -2) [potion of
                  | mutation]
 49357 | D:15     | Lost mutation: Your muscles are strong. (Str +2) [potion of
                  | mutation]
 49357 | D:15     | Lost mutation: Your spells are a little harder to cast, but
                  | a little more powerful. [potion of mutation]
 49357 | D:15     | Gained mutation: You occasionally shout uncontrollably at
                  | your foes. [potion of mutation]
 49357 | D:15     | Gained mutation: You are clumsy. (Dex -2) [potion of
                  | mutation]
 49357 | D:15     | Gained mutation: You are resistant to electric shocks.
                  | (rElec) [potion of mutation]
 49358 | D:15     | Lost mutation: You have large cloven feet. [potion of
                  | mutation]
 49358 | D:15     | Gained mutation: Your system is resistant to poisons.
                  | (rPois) [potion of mutation]
 49359 | D:15     | Lost mutation: Your system is resistant to poisons. (rPois)
                  | [potion of mutation]
 49359 | D:15     | Lost mutation: You are clumsy. (Dex -2) [potion of
                  | mutation]
 49359 | D:15     | Lost mutation: You occasionally shout uncontrollably at
                  | your foes. [potion of mutation]
 49359 | D:15     | Lost mutation: You are resistant to electric shocks.
                  | (rElec) [potion of mutation]
 49359 | D:15     | Gained mutation: You do not regenerate when monsters are
                  | visible. [potion of mutation]
 49359 | D:15     | Gained mutation: You expend magic power (3 MP) to
                  | strengthen your wands. [potion of mutation]
 49360 | D:15     | Lost mutation: You expend magic power (3 MP) to strengthen
                  | your wands. [potion of mutation]
 49360 | D:15     | Lost mutation: You do not regenerate when monsters are
                  | visible. [potion of mutation]
 49360 | D:15     | Gained mutation: You are robust. (+10% HP) [potion of
                  | mutation]
 49360 | D:15     | Gained mutation: Your flesh is heat resistant. (rF+)
                  | [potion of mutation]
 49500 | Vaults:3 | Reached skill level 1 in Throwing
 49551 | Vaults:3 | Noticed Bai Suzhen
 49579 | Vaults:3 | Killed Bai Suzhen
 49629 | Vaults:3 | Reached skill level 5 in Throwing
 50345 | Vaults:3 | Reached skill level 10 in Throwing
 50975 | Vaults:3 | Reached XP level 20. HP: 150/157 MP: 26/29
 50994 | Vaults:3 | Learned a level 5 spell: Summon Forest
 51025 | Vaults:3 | Paralysed by an ogre mage for 6 turns
 51252 | Vaults:2 | Reached skill level 5 in Summonings
 52212 | Vaults:4 | Learned a level 6 spell: Dispersal
 52809 | Vaults:4 | Found a runed translucent gate.
 52809 | Vaults:4 | Found a runed translucent gate.
 52809 | Vaults:4 | Found a runed translucent gate.
 52888 | Vaults:4 | Paralysed by a lich for 4 turns
 52924 | Vaults:4 | Reached skill level 10 in Spellcasting
 53443 | Vaults:4 | Gebura: &dump Chiseanne
 53501 | Vaults:4 | Chiseanne: how did that work again ?
 53501 | Vaults:4 | Gebura: ?
 53501 | Vaults:4 | Chiseanne: creating dump..wasnt that # ?
 53501 | Vaults:4 | Gebura: о, you cant beem
 53501 | Vaults:4 | Chiseanne: ah ok
 53501 | Vaults:4 | Chiseanne: pretty sure it worked before with # ..but
                  | firefox developement is a mess and changes stuff from time
                  | to time that game functions break
 53803 | Vaults:5 | Entered Level 5 of the Vaults
 53805 | Vaults:5 | Gebura: mmmmm
 53806 | Vaults:5 | Gebura: where your spels??
 53816 | Vaults:5 | Gained mutation: You have claws for hands. [demonic
                  | ancestry]
 53816 | Vaults:5 | Reached XP level 21. HP: 73/163 MP: 28/36
 53817 | Vaults:5 | Chiseanne: damn
 53817 | Vaults:5 | Gebura: 5 volt very dif
 53817 | Vaults:5 | Chiseanne: hmm say what?
 54129 | Vaults:4 | Chiseanne: cant find anything to fix my resistances
 54129 | Vaults:4 | Chiseanne: been to elves already but no luck
 54133 | Vaults:5 | Gebura: you are mag
 54135 | Vaults:5 | Gebura: where your spells?
 54141 | Vaults:5 | Chiseanne: wnat to see this ?
 54155 | Vaults:5 | Gebura: bolts
 54155 | Vaults:5 | Chiseanne: what do you mean ?
 54159 | Vaults:5 | Gebura: bolt of cold/fire/magma
 54163 | Vaults:5 | Gebura: iron shot
 54164 | Vaults:5 | Killed from afar by a titan

Levels and vault maps discovered:
D:1:      ncdulo_lavacross, layout_rooms
D:2:      layout_loops_cross, first_ration, nicolae_ru_awakened_eye
D:3:      layout_loops_ring
D:4:      layout_basic, kennysheep_little_box, serial_shops, shop,
          kennysheep_mini_moat, dk_noncrumbling_3
D:5:      layout_loops_corners, lemuel_crystal_altar,
          minmay_temple_entry_junction_2, ebering_ghost_disaster_area,
          cheibrodos_sewer_entry_drain, minmay_manual_mares, uniq_edmund,
          uniq_sigmund
D:6:      layout_gridville, basic_altar, serial_shops, kennysheep_mini, shop,
          shop_coins, minmay_misc_feat_tiny
D:7:      layout_cave_pools, marbit_many_paths, uniq_joseph
D:8:      layout_layer_cave, nemelex_xobeh_ov_fountains_minmay
D:9:      layout_basic, lightli_temple_of_fire, lemuel_round_altar,
          overflow_temple_1_default, cheibriados_altar_1, lair_entry_dummy,
          uniq_erolcha
D:10:     layout_basic, hangedman_pestilent_swarm
D:11:     layout_irregular_city, kb_lookout_dungeons_type,
          minmay_beelzebubs_servants
D:12:     layout_roguey, erik_orc_4, gauntlet_entry_generic
D:13:     layout_roguey [special_room_bee], gammafunk_ghost_nasty_kobolds
D:14:     layout_loops_corners, david_vaults_5, water_boxes_lemuel
D:15:     gammafunk_enter_depths_forms, layout_basic, yredelemnul_altar_generic
Temple:   nicolae_temple_great_sept
Lair:1:   layout_chaotic_city, infiniplex_staircase_pool
Lair:2:   layout_roguey, serial_bayou_pond_d, minmay_another_anthill,
          lemuel_fruit_fields, minmay_lair_oklob_chamber
Lair:3:   layout_chaotic_city, portal_ice_cave_entry_pillars_1
Lair:4:   layout_gridlike, minmay_shoals_entry_hut, spider_nest_entry_web_field,
          gammafunk_ghost_hydra_chop, uniq_nessos
Lair:5:   layout_hall_layers
Lair:6:   evil_forest, layout_hall_layers, slime_altar_1, gammafunk_ghost_split,
          roderic_batcave
Spider:1: layout_spider_delve, uniq_louise
Spider:2: layout_spider_delve, hangedman_spider_tarantella_strand
Spider:3: layout_chambers, nicolae_spider_webbed_stairs
Spider:4: guppyfry_spider_rune, spiders_nest_ghost_moth_duel, uniq_roxanne
Orc:1:    layout_caves, basic_altar, serial_shops, nicolae_shop_stone,
          nicolae_shop_crystal, nicolae_shop_behind_doors, shop,
          nicolae_shop_statue_plus
Orc:2:    grunt_orc_community_town_hall, layout_caves,
          grunt_orc_community_big_house_2, grunt_orc_community_big_house_1,
          grunt_orc_community_house_1, grunt_orc_community_house_1,
          grunt_orc_community_house_1, grunt_orc_community_house_1,
          grunt_orc_community_house_1, grunt_orc_community_house_3,
          kennysheep_orc_chapel
Elf:1:    eino_elf_arrival_shootout, layout_geoelf_octagon,
          hangedman_elf_disciples
Elf:2:    layout_rooms
Elf:3:    grunt_elf_hall_branching, layout_loops_corners, gammafunk_ghost_arena,
          hangedman_summoners_spam
Vaults:1: nicolae_vaults_triangles, nicolae_vaults_ring_of_whatevers, v_misc_28,
          nicolae_vaults_shelves_hall, vaults_dpeg_cross,
          nicolae_vaults_three_branches, hangedman_vaults_cutoff,
          nicolae_vaults_theta, serial_ice_m, ontoclasm_vaults_tryst,
          vaults_room_ringed_pool, nicolae_vaults_yaktaur_gun_rack,
          vaults_room_hallway, layout_vaults_omnicross
Vaults:2: gammafunk_vaults_ghost_tricky_traps, vaults_room_semicircle,
          nicolae_vaults_border_crossing, st_smaller_cells,
          minmay_crypt_entry_simple_statues, nicolae_vaults_little_squares_5,
          v_misc_13, nicolae_vaults_theta, grunt_vaults_funnel,
          nicolae_vaults_angled_halls, ontoclasm_vaults_eye,
          layout_vaults_omnigrid
Vaults:3: vaults_mumra_hexcomb, vaults_room_semicircle, v_misc_27,
          dpeg_vaults_monster_row, v_pattern_1, hangedman_vaults_river_flow,
          v_misc_17, layout_vaults_omnibox, uniq_bai_suzhen
Vaults:4: ploomutoo_gammafunk_vaults_ghost_potion_laboratory, v_misc_23,
          ontoclasm_vaults_fault, grunt_vaults_trifunnel,
          nicolae_vaults_mini_display_case, v_rooms_1, vaults_room_corners,
          v_misc_14, vaults_standard_mumra_enter_the_diamond,
          vaults_room_glass_cross, layout_vaults_big_room
Vaults:5: uniq_boris

Skill      XL: |  1  2  3  4  5  6  7  8  9 10 11 12 13 14 15 16 17 18 19 20 21 |
---------------+----------------------------------------------------------------+-----
Conjurations   | 2 3 4 5 |  5.7
Air Magic      | 1 2 3 4 6 |  6.0
Spellcasting   | 4 5 6 11 12 | 12.6
Stealth        | 2 3 4 |  4.8
Dodging        | 2 3 4 7 9 10 11 | 11.8
Armour         | 2 5 6 8 9 10 11 12 13 14 | 14.4
Fighting       | 2 5 7 8 |  8.8
Axes           | 4 6 8 9 10 11 12 13 14 | 14.2
Shields        | 2 5 6 8 9 11 12 | 12.3
Crossbows      | 8 12 | 12.7
Evocations     | 5 |  5.0
Translocations | 5 13 | 13.8
Poison Magic   | 5 |  5.1
Throwing       | 11 | 11.5
Summonings     | 6 |  6.5

Action                   |  1- 3 |  4- 6 |  7- 9 | 10-12 | 13-15 | 16-18 | 19-21 || total
-------------------------+-------+-------+-------+-------+-------+-------+-------++-------
Melee: Hand axe          |    38 |    37 |       |       |       |       |       ||    75
       Quarterstaff      |       |     1 |    17 |       |       |       |       ||    18
       Short sword       |       |       |    26 |       |       |       |       ||    26
       War axe           |       |       |    74 |   518 |  1213 |  1267 |  1152 ||  4224
       Scythe            |       |       |     5 |       |       |       |       ||     5
       Broad axe         |       |       |       |       |       |   213 |   178 ||   391
 Fire: Hand crossbow     |       |       |       |       |   174 |   168 |    62 ||   404
Throw: Stone             |       |       |       |       |     1 |       |       ||     1
       Boomerang         |       |       |       |       |       |     1 |    12 ||    13
 Cast: Magic Dart        |    94 |   120 |   212 |   120 |     7 |       |       ||   553
       Mephitic Cloud    |       |     3 |    11 |     4 |       |    32 |    39 ||    89
       Blink             |       |     1 |     2 |     1 |     1 |    12 |     9 ||    26
       Conjure Flame     |       |     3 |    12 |     3 |       |       |       ||    18
       Lesser Beckoning  |       |       |       |       |       |    16 |     2 ||    18
       Shroud of Golubri |       |       |       |       |       |       |     8 ||     8
       Passage of Golubr |       |       |       |       |       |       |     1 ||     1
       Dispersal         |       |       |       |       |       |       |    10 ||    10
       Summon Forest     |       |       |       |       |       |       |     1 ||     1
Invok: Call Merchant     |       |       |       |     1 |     3 |     2 |     1 ||     7
       Potion Petition   |       |       |       |       |       |     2 |       ||     2
Evoke: Wand              |       |       |     2 |    30 |    10 |     5 |     5 ||    52
       Lamp of fire      |       |       |     1 |     1 |     1 |       |       ||     3
       Box of beasts     |       |       |       |     1 |     1 |     3 |       ||     5
  Use: Scroll            |     5 |     5 |    15 |    10 |    26 |    15 |    11 ||    87
       Potion            |     1 |     1 |       |     9 |     8 |     9 |    15 ||    43
 Stab: Confused          |       |     1 |    11 |     3 |       |    30 |    37 ||    82
       Sleeping          |       |       |     3 |    16 |    32 |    18 |     7 ||    76
       Invisible         |       |       |       |     3 |       |     5 |       ||     8
       Paralysed         |       |       |       |     3 |     4 |       |       ||     7
       Distracted        |       |       |       |     5 |    16 |    17 |    21 ||    59
  Eat: Chunk             |     2 |     4 |    15 |     8 |       |       |       ||    29
       Ration            |     1 |     1 |     1 |     7 |    16 |    12 |     8 ||    46
Armor: Robe              |    11 |     4 |     3 |       |       |       |       ||    18
       Scale mail        |       |       |    33 |   162 |   311 |   359 |   234 ||  1099
Dodge: Dodged            |    53 |    39 |   138 |   345 |   586 |   783 |   468 ||  2412
Block: Other             |       |       |    11 |    25 |       |       |       ||    36
       Shield            |       |       |       |   241 |  1220 |  1575 |  1175 ||  4211
       Reflection        |       |       |       |     1 |    24 |    75 |    75 ||   175

Table legend:
 A = Non-vault XP
 B = Vault XP
 C = Vault XP percentage of total XP
 D = Non-vault monster count
 E = Vault monster count
 F = Vault count percentage of total count
                 A         B        C        D         E       F
            +---------+---------+-------+---------+---------+-------
      Total |  362915 |  242035 |  40.0 |    1029 |     495 |  32.5
            +---------+---------+-------+---------+---------+-------
        D:1 |      23 |       0 |   0.0 |      11 |       0 |   0.0
        D:2 |      63 |       0 |   0.0 |      19 |       0 |   0.0
        D:3 |      62 |       0 |   0.0 |      13 |       0 |   0.0
        D:4 |     576 |       0 |   0.0 |      18 |       0 |   0.0
        D:5 |     637 |     646 |  50.4 |      15 |       8 |  34.8
        D:6 |     458 |       0 |   0.0 |       6 |       0 |   0.0
        D:7 |     852 |     453 |  34.7 |      21 |       1 |   4.5
        D:8 |    1497 |       0 |   0.0 |      18 |       0 |   0.0
        D:9 |    1204 |    1025 |  46.0 |      12 |       1 |   7.7
       D:10 |    2896 |     464 |  13.8 |      22 |       4 |  15.4
       D:11 |    1894 |    2058 |  52.1 |      18 |       6 |  25.0
       D:12 |    6121 |     497 |   7.5 |      43 |      16 |  27.1
       D:13 |    6753 |    2577 |  27.6 |      41 |      26 |  38.8
       D:14 |    4511 |    3104 |  40.8 |      19 |       7 |  26.9
       D:15 |    4381 |    4816 |  52.4 |      13 |       9 |  40.9
     Lair:1 |    5215 |       0 |   0.0 |      19 |       0 |   0.0
     Lair:2 |    7204 |    4337 |  37.6 |      30 |      26 |  46.4
     Lair:3 |    5570 |       0 |   0.0 |      25 |       0 |   0.0
     Lair:4 |    3288 |    3243 |  49.7 |      15 |       4 |  21.1
     Lair:5 |    6880 |       0 |   0.0 |      28 |       0 |   0.0
     Lair:6 |    8176 |   12352 |  60.2 |      21 |      39 |  65.0
   Spider:1 |   13818 |    1581 |  10.3 |      44 |       1 |   2.2
   Spider:2 |   14964 |     219 |   1.4 |      42 |       1 |   2.3
   Spider:3 |   19073 |    7295 |  27.7 |      49 |       7 |  12.5
   Spider:4 |   12266 |   22440 |  64.7 |      28 |      45 |  61.6
      Orc:1 |    4437 |    1839 |  29.3 |      27 |       2 |   6.9
      Orc:2 |    6882 |    7505 |  52.2 |      27 |      75 |  73.5
      Elf:1 |   29550 |    7357 |  19.9 |      51 |      12 |  19.0
      Elf:2 |   16817 |    1799 |   9.7 |      29 |       2 |   6.5
      Elf:3 |   10066 |   48458 |  82.8 |      17 |      42 |  71.2
   Vaults:1 |   25225 |    2946 |  10.5 |      68 |      11 |  13.9
   Vaults:2 |   37063 |   32990 |  47.1 |      54 |      45 |  45.5
   Vaults:3 |   56733 |   13650 |  19.4 |      98 |      16 |  14.0
   Vaults:4 |   47416 |   32078 |  40.4 |      67 |      34 |  33.7
   Vaults:5 |     344 |   23360 |  98.5 |       1 |      23 |  95.8
      Sewer |       0 |     289 | 100.0 |       0 |      18 | 100.0
   Gauntlet |       0 |    2657 | 100.0 |       0 |      14 | 100.0
            +---------+---------+-------+---------+---------+-------
